 Dungeon Crawl Stone Soup version 0.26-a0-808-g930a2b7adc (webtiles) character file.

Game seed: 14413994827789390948

49 Decritt the Gusty (level 3, 0/19 HPs)
             Began as a Tengu Air Elementalist on Nov 12, 2020.
             Succumbed to an adder's poison
             ... on level 2 of the Dungeon.
             The game lasted 00:04:57 (1426 turns).

Decritt the Gusty (Tengu Air Elementalist)          Turns: 1426, Time: 00:04:58

Health: 0/19       AC:  3    Str:  8    XL:     3   Next: 77%
Magic:  1/7        EV: 12    Int: 16    God:
Gold:   48         SH:  0    Dex: 14    Spells: 3/6 levels left

rFire    . . .     SeeInvis .   c - +0 spear
rCold    . . .     Faith    .   (no shield)
rNeg     . . .     Spirit   .   b - +0 leather armour
rPois    .         Reflect  .   (helmet restricted)
rElec    .         Harm     .   (no cloak)
rCorr    .         Rampage  .   (no gloves)
MR       .....                  (boots unavailable)
Stlth    +.........             (no amulet)
HPRegen  0.06/turn              (no ring)
MPRegen  0.10/turn              (no ring)

@: lethally poisoned (0 -> -7), very slow
A: beak, talons 3
a: no special abilities


You were on level 2 of the Dungeon.
You visited 1 branch of the dungeon, and saw 2 of its levels.

You collected 48 gold pieces.

Inventory:

Hand Weapons
 c - a +0 spear (weapon)
Missiles
 d - 84 stones (quivered)
Armour
 a - a +0 robe
 b - a +0 leather armour (worn)
Scrolls
 g - 2 scrolls of fear
 h - a scroll of fog {unknown}
 i - a scroll of immolation
 j - a scroll of blinking {unknown}
Potions
 e - 2 potions of magic


   Skills:
 * Level 2.1 Armour
 - Level 2.1 Dodging
 - Level 2.0 Stealth
 + Level 2.3 Spellcasting
 + Level 2.3 Conjurations
 + Level 4.5 Air Magic


You had 3 spell levels left.
You knew the following spells:

 Your Spells              Type           Power        Failure   Level
a - Shock                 Conj/Air       ##..         7%          1
b - Swiftness             Air            ###.....     7%          2

Your spell library contained the following spells:

 Spells                   Type           Power        Failure   Level
 Static Discharge         Conj/Air       ##......     21%         3
 Airstrike                Air            ###.......   41%         4
 Lightning Bolt           Conj/Air       ##........   88%         5


Dungeon Overview and Level Annotations

Branches:
Dungeon (2/15)

Altars:
Hepliaklqana


Innate Abilities, Weirdness & Mutations

You have a beak for a mouth.
You have claws for feet.


Message History

* * * LOW HITPOINT WARNING * * *
You feel sick.
Casting: Shock (safe; 7% risk of failure)
Confirm with . or Enter, or press ? or * to list all spells.
You don't have enough magic to cast that spell.
* * * LOW HITPOINT WARNING * * *
You feel sick.
Your magical contamination has completely faded away.
* * * LOW HITPOINT WARNING * * *
You feel sick.
Casting: Shock (safe; 7% risk of failure)
Confirm with . or Enter, or press ? or * to list all spells.
You don't have enough magic to cast that spell.
Unknown command.
You enter the shallow water.
Moving in this stuff is going to be slow.
* * * LOW HITPOINT WARNING * * *
You feel sick.
Unknown command.
You die...

#########
≈≈....≈.#
≈.....≈≈#
≈≈≈≈≈≈..#
≈≈≈≈≈≈.@#
≈≈≈≈≈≈≈≈≈#
≈≈≈≈≈≈..≈≈≈(.#
≈≈≈≈≈._♣≈≈≈≈.#
≈≈≈≈≈..≈≈≈≈≈.##
.≈≈≈≈≈≈≈≈≈≈...#
..≈≈≈≈≈≈≈≈≈≈..#
≈.≈≈≈≈≈≈≈≈≈...#
.≈.≈≈≈..≈≈≈...#


There were no monsters in sight!

Vanquished Creatures
  An adder (D:2)
  A worm (D:2)
  2 dart slugs (D:1)
  A ball python (D:1)
  3 goblins (D:1)
  5 hobgoblins (D:1)
  4 jackals (D:2)
  4 kobolds (D:1)
  A quokka (D:2)
  4 bats (D:1)
  3 frilled lizards (D:1)
  A rat (D:1)
30 creatures vanquished.

Notes
Turn   | Place    | Note
-------+----------+-------------------------------------------
     0 | D:1      | Decritt the Tengu Air Elementalist began the quest for the
                  | Orb.
     0 | D:1      | Reached XP level 1. HP: 10/10 MP: 4/4
   164 | D:1      | Reached skill level 1 in Armour
   164 | D:1      | Reached XP level 2. HP: 11/15 MP: 6/6
   871 | D:1      | Reached XP level 3. HP: 19/19 MP: 2/7
  1299 | D:2      | Found a hazy altar of Hepliaklqana.
  1330 | D:2      | Learned a level 2 spell: Swiftness
  1397 | D:2      | Found a faded altar of an unknown god.
  1426 | D:2      | Succumbed to an adder's poison

Illustrated notes

Levels and vault maps discovered:
D:1:      onia_arrival_mini_maze, layout_rooms, minmay_misc_feat_secret_circle
D:2:      layout_loops_corners, overflow_temple_1_default,
          chequers_ecumenical_altar_island

Skill      XL: |  1  2  3 |
---------------+----------+-----
Armour         | 1 2 |  2.1
Conjurations   | 2 |  2.3
Dodging        | |  2.1
Stealth        | |  2.0
Spellcasting   | |  2.3
Air Magic      | |  4.5

Action                   || total
-------------------------++-------
Melee: Spear             ||    31
       Kick              ||     3
       Peck              ||     2
Throw: Stone             ||    15
 Cast: Shock             ||    52
  Use: Scroll            ||     3
Armor: Leather armour    ||     9
Dodge: Dodged            ||    23

Table legend: (Time is in decaauts)
 A = Elapsed time spent in this place.
 B = Non-inter-level travel time spent in this place.
 C = Inter-level travel time spent in this place.
 D = Time resting spent in this place.
 E = Time spent auto-exploring this place.
 F = Levels seen in this place.
 G = Mean time per level.
                   A        B        C        D        E       F      G
               +--------+--------+--------+--------+--------+-----+--------+
         Total |   1430 |   1424 |      6 |    238 |    918 |   2 |  715.0 |
       Dungeon |   1430 |   1424 |      6 |    238 |    918 |   2 |  715.0 |
               +--------+--------+--------+--------+--------+-----+--------+

Top non-repeatable levels by time:
     D:1: 1189 daAuts
     D:2: 241 daAuts
